[ AOE2 MATCH · #489658906 ]
UnrankedSaracens vs Vietnamese
[ REPLAY ANALYSIS · EXTRACTED FROM THE RECORDED GAME ]
Feudal
11:48
Castle
15:43
Imperial
31:48
| APM avg | 38.8 |
| APM peak | 85 |
| eAPM avg | 16.3 |
| Villagers / military | 121 / 91 |
Focus
⚔️ 19.9% · 🌾 80.1%
Mameluke ×82 · Mangonel ×9
Feudal
11:35
Castle
15:35
Imperial
34:30
| APM avg | 25.8 |
| APM peak | 76 |
| eAPM avg | 12.3 |
| Villagers / military | 105 / 101 |
Focus
⚔️ 33.6% · 🌾 66.4%
Chu Ko Nu ×79 · Scorpion ×22
Feudal
10:36
Castle
14:31
Imperial
29:46
| APM avg | 57.4 |
| APM peak | 127 |
| eAPM avg | 29.4 |
| Villagers / military | 162 / 298 |
Focus
⚔️ 40.3% · 🌾 59.7%
Spearman ×171 · Archer ×93 · Bombard Cannon ×17 · Trebuchet (Packed) ×10 · Monk ×5 · Skirmisher ×2
Feudal
12:19
Castle
15:56
Imperial
20:05
| APM avg | 37.9 |
| APM peak | 88 |
| eAPM avg | 17.1 |
| Villagers / military | 108 / 142 |
Focus
⚔️ 30.0% · 🌾 70.0%
Hand Cannoneer ×93 · Bombard Cannon ×36 · Cavalry Archer ×9 · Scorpion ×4
Feudal
10:53
Castle
15:17
Imperial
33:12
| APM avg | 33.6 |
| APM peak | 103 |
| eAPM avg | 19.4 |
| Villagers / military | 180 / 115 |
Focus
⚔️ 21.6% · 🌾 78.4%
Knight ×67 · Scorpion ×18 · Scout Cavalry ×10 · Mangonel ×9 · Spearman ×6 · Monk ×5
Feudal
12:12
Castle
14:53
Imperial
27:47
| APM avg | 46.5 |
| APM peak | 146 |
| eAPM avg | 22.9 |
| Villagers / military | 199 / 183 |
Focus
⚔️ 25.5% · 🌾 74.5%
Ballista Elephant ×93 · Scout Cavalry ×86 · Knight ×4
Match map
Initial resources + every placement click. Lines = walls · curves = elevation contours. ◆ gold · ⬟ stone · ● berries · ✦ relic · ◌ wall gap
Your base· ✓ Closed at 15:43 · 0t walls · 3 gate(s)
Mr P's base· ✓ Closed at 15:35 · 0t walls · 2 gate(s)
ulvn's base· ✓ Closed at 14:31 · 0t walls · 2 gate(s)
Kefko2112's base· ✓ Closed at 15:56 · 0t walls · 2 gate(s)
酱香酒产业园's base· ✓ Closed at 15:17 · 0t walls · 2 gate(s)
Bobifart's base· ✓ Closed at 14:53 · 0t walls · 3 gate(s)
Smoothed initial terrain · ◌ = detected wall gap · hover for details
Inputs per minute
— DanielP1lot - - Mr P
Build order — DanielP1lot
First 150 of 320 actions detected
| 0:02 | Create | Villager (Male) ×4 |
| 0:04 | Build | House |
| 0:05 | Build | House |
| 1:25 | Create | Villager (Male) |
| 1:25 | Create | Villager (Male) |
| 1:52 | Build | Lumber Camp |
| 2:06 | Create | Villager (Male) |
| 2:06 | Create | Villager (Male) |
| 2:16 | Create | Villager (Male) |
| 2:52 | Create | Villager (Male) |
| 3:09 | Create | Villager (Male) |
| 3:09 | Create | Villager (Male) |
| 3:34 | Build | House |
| 3:42 | Create | Villager (Male) |
| 3:54 | Build | Mill |
| 3:57 | Create | Villager (Male) |
| 4:30 | Create | Villager (Male) |
| 5:00 | Create | Villager (Male) |
| 5:01 | Create | Villager (Male) |
| 5:20 | Create | Villager (Male) |
| 5:21 | Create | Villager (Male) |
| 5:36 | Create | Villager (Male) |
| 5:36 | Create | Villager (Male) |
| 5:50 | Build | House |
| 5:53 | Create | Villager (Male) |
| 6:05 | Create | Villager (Male) |
| 6:21 | Build | Mill |
| 6:23 | Create | Villager (Male) |
| 6:57 | Create | Villager (Male) |
| 7:21 | Create | Villager (Male) |
| 7:49 | Build | House |
| 8:16 | Create | Villager (Male) |
| 8:16 | Create | Villager (Male) |
| 8:52 | Build | Mining Camp |
| 9:12 | Research | Loom |
| 9:15 | Research | Feudal Age |
| 10:39 | Build | Mill |
| 11:16 | Create | Villager (Male) |
| 11:17 | Create | Villager (Male) |
| 11:17 | Create | Villager (Male) |
| 11:48 | Age | Feudal Age |
| 11:56 | Build | Market |
| 12:01 | Build | Blacksmith |
| 12:12 | Build | Lumber Camp |
| 12:49 | Build | Mining Camp |
| 12:53 | Research | Castle Age |
| 12:53 | Research | Castle Age |
| 13:12 | Research | Double-Bit Axe |
| 13:43 | Research | Horse Collar |
| 14:03 | Research | Gold Mining |
| 14:05 | Research | Stone Mining |
| 14:05 | Research | Stone Mining |
| 15:11 | Build | House |
| 15:12 | Build | House |
| 15:20 | Build | Farm |
| 15:26 | Build | Farm |
| 15:27 | Build | Farm |
| 15:29 | Build | Farm |
| 15:34 | Create | Villager (Male) |
| 15:43 | Age | Castle Age |
| 15:49 | Create | Villager (Male) |
| 15:53 | Build | Town Center |
| 16:13 | Research | Heavy Plow |
| 16:23 | Build | House |
| 16:30 | Create | Villager (Male) |
| 16:36 | Build | Farm |
| 16:40 | Build | Farm |
| 16:46 | Build | Farm |
| 16:51 | Build | Farm |
| 16:53 | Create | Villager (Male) |
| 16:55 | Build | House |
| 17:21 | Create | Villager (Male) |
| 17:26 | Build | Farm |
| 17:28 | Create | Villager (Male) |
| 17:30 | Create | Villager (Male) |
| 17:46 | Build | Farm |
| 17:51 | Build | Farm |
| 17:52 | Create | Villager (Male) |
| 17:53 | Create | Villager (Male) |
| 18:03 | Build | House |
| 18:20 | Create | Villager (Male) |
| 18:21 | Create | Villager (Male) |
| 18:27 | Build | Farm |
| 18:32 | Build | Farm |
| 18:38 | Build | House |
| 18:40 | Create | Villager (Male) |
| 18:41 | Create | Villager (Male) |
| 19:02 | Create | Villager (Male) |
| 19:07 | Build | House |
| 19:08 | Build | House |
| 19:09 | Build | House |
| 19:19 | Create | Villager (Male) |
| 19:22 | Create | Villager (Male) |
| 19:26 | Research | Bow Saw |
| 19:26 | Research | Bow Saw |
| 19:38 | Create | Villager (Male) |
| 19:44 | Build | Lumber Camp |
| 19:55 | Create | Villager (Male) |
| 19:56 | Create | Villager (Male) |
| 20:15 | Build | Castle |
| 20:21 | Create | Villager (Male) |
| 20:29 | Create | Villager (Male) |
| 20:30 | Create | Villager (Male) |
| 20:36 | Build | House |
| 20:36 | Build | House |
| 20:43 | Build | Farm |
| 20:46 | Build | Farm |
| 20:50 | Build | Farm |
| 20:54 | Build | Farm |
| 20:56 | Build | Farm |
| 20:59 | Build | Farm |
| 21:02 | Build | Farm |
| 21:03 | Create | Villager (Male) |
| 21:06 | Create | Villager (Male) |
| 21:09 | Build | House |
| 21:10 | Build | House |
| 21:16 | Create | Villager (Male) |
| 21:26 | Create | Villager (Male) |
| 21:28 | Create | Villager (Male) |
| 21:38 | Build | Blacksmith |
| 21:44 | Create | Villager (Male) |
| 21:45 | Create | Villager (Male) |
| 21:54 | Build | Mining Camp |
| 21:55 | Create | Mameluke |
| 22:02 | Create | Mameluke |
| 22:11 | Create | Villager (Male) |
| 22:16 | Create | Villager (Male) |
| 22:19 | Build | Farm |
| 22:20 | Build | Farm |
| 22:23 | Create | Mameluke |
| 22:27 | Build | Barracks |
| 22:31 | Build | House |
| 22:34 | Create | Mameluke |
| 22:42 | Create | Villager (Male) |
| 22:43 | Create | Villager (Male) |
| 22:47 | Build | Farm |
| 22:48 | Build | Farm |
| 22:59 | Create | Villager (Male) |
| 23:00 | Create | Villager (Male) |
| 23:02 | Build | House |
| 23:09 | Build | University |
| 23:12 | Create | Mameluke |
| 23:13 | Create | Mameluke |
| 23:23 | Create | Villager (Male) |
| 23:24 | Create | Villager (Male) |
| 23:33 | Build | Stable |
| 23:44 | Create | Mameluke |
| 23:48 | Research | Forging |
| 23:52 | Build | House |
| 23:52 | Build | House |
Build order — Mr P
First 150 of 328 actions detected
| 0:19 | Research | Loom |
| 0:52 | Create | Villager (Male) |
| 0:53 | Create | Villager (Male) |
| 1:31 | Create | Villager (Male) |
| 1:31 | Create | Villager (Male) |
| 2:06 | Create | Villager (Male) |
| 2:07 | Create | Villager (Male) |
| 2:34 | Create | Villager (Male) |
| 2:35 | Create | Villager (Male) |
| 3:22 | Create | Villager (Male) |
| 3:33 | Build | House |
| 3:37 | Create | Villager (Male) |
| 3:37 | Create | Villager (Male) |
| 4:00 | Build | House |
| 4:41 | Create | Villager (Male) |
| 4:55 | Build | Mill |
| 5:04 | Create | Villager (Male) |
| 5:21 | Create | Villager (Male) |
| 5:41 | Create | Villager (Male) |
| 6:12 | Build | Lumber Camp |
| 6:17 | Create | Villager (Male) |
| 6:38 | Create | Villager (Male) |
| 6:59 | Create | Villager (Male) |
| 7:18 | Create | Villager (Male) |
| 7:53 | Build | Mining Camp |
| 7:55 | Create | Villager (Male) |
| 8:13 | Create | Villager (Male) |
| 8:31 | Build | House |
| 8:37 | Create | Villager (Male) |
| 8:59 | Build | Mining Camp |
| 9:13 | Research | Feudal Age |
| 9:42 | Build | Mill |
| 11:14 | Create | Villager (Male) |
| 11:35 | Age | Feudal Age |
| 11:46 | Build | Market |
| 11:54 | Build | Blacksmith |
| 12:03 | Create | Villager (Male) |
| 12:30 | Create | Villager (Male) |
| 12:38 | Research | Castle Age |
| 13:09 | Research | Double-Bit Axe |
| 13:13 | Research | Horse Collar |
| 13:22 | Build | Farm |
| 13:33 | Build | Farm |
| 13:40 | Create | Villager (Male) |
| 13:49 | Build | Farm |
| 14:08 | Build | Farm |
| 14:18 | Build | House |
| 14:30 | Build | Farm |
| 14:44 | Build | Farm |
| 14:56 | Build | Farm |
| 15:17 | Build | Farm |
| 15:35 | Age | Castle Age |
| 15:39 | Build | Farm |
| 15:54 | Build | Castle |
| 16:24 | Create | Villager (Male) |
| 16:27 | Research | Bow Saw |
| 16:39 | Research | Heavy Plow |
| 17:13 | Create | Villager (Male) |
| 17:13 | Create | Villager (Male) |
| 17:55 | Build | Town Center |
| 18:03 | Create | Villager (Male) |
| 18:05 | Create | Villager (Male) |
| 18:25 | Build | Town Center |
| 18:43 | Create | Villager (Male) |
| 18:59 | Create | Villager (Male) |
| 19:20 | Build | Town Center |
| 19:45 | Build | Farm |
| 19:48 | Build | Farm |
| 19:49 | Build | Farm |
| 19:51 | Build | Farm |
| 20:06 | Create | Villager (Male) |
| 20:07 | Create | Villager (Male) |
| 20:15 | Build | Barracks |
| 20:30 | Create | Chu Ko Nu |
| 20:30 | Create | Chu Ko Nu |
| 20:30 | Create | Chu Ko Nu |
| 20:42 | Build | University |
| 20:48 | Create | Villager (Male) |
| 20:48 | Create | Villager (Male) |
| 20:48 | Create | Villager (Male) |
| 20:57 | Create | Chu Ko Nu |
| 21:01 | Research | Fletching |
| 21:02 | Research | Padded Archer Armor |
| 21:21 | Build | Archery Range |
| 21:23 | Create | Chu Ko Nu |
| 21:23 | Create | Chu Ko Nu |
| 21:38 | Research | Bodkin Arrow |
| 21:58 | Create | Villager (Male) |
| 21:58 | Create | Villager (Male) |
| 22:04 | Create | Villager (Male) |
| 22:10 | Build | House |
| 22:21 | Create | Villager (Male) |
| 22:34 | Create | Chu Ko Nu |
| 22:35 | Create | Chu Ko Nu |
| 23:05 | Create | Villager (Male) |
| 23:06 | Create | Villager (Male) |
| 23:15 | Create | Villager (Male) |
| 23:15 | Create | Villager (Male) |
| 23:22 | Build | Farm |
| 23:23 | Build | Farm |
| 23:26 | Create | Villager (Male) |
| 23:26 | Create | Villager (Male) |
| 23:41 | Create | Villager (Male) |
| 23:41 | Create | Villager (Male) |
| 23:44 | Create | Chu Ko Nu |
| 23:45 | Create | Chu Ko Nu |
| 23:45 | Create | Chu Ko Nu |
| 24:10 | Create | Chu Ko Nu |
| 24:20 | Research | Wheelbarrow |
| 24:30 | Create | Villager (Male) |
| 24:30 | Create | Villager (Male) |
| 24:46 | Research | Gold Mining |
| 24:54 | Create | Villager (Male) |
| 24:54 | Create | Villager (Male) |
| 25:03 | Build | Town Center |
| 25:08 | Create | Villager (Male) |
| 25:08 | Create | Villager (Male) |
| 25:11 | Create | Chu Ko Nu |
| 25:12 | Create | Chu Ko Nu |
| 25:12 | Create | Chu Ko Nu |
| 25:12 | Create | Chu Ko Nu |
| 25:26 | Create | Chu Ko Nu |
| 25:27 | Create | Chu Ko Nu |
| 25:34 | Create | Chu Ko Nu |
| 25:35 | Create | Chu Ko Nu |
| 25:44 | Research | Leather Archer Armor |
| 25:58 | Research | Thumb Ring |
| 26:11 | Create | Chu Ko Nu |
| 26:11 | Create | Chu Ko Nu |
| 26:12 | Create | Villager (Male) |
| 26:13 | Create | Villager (Male) |
| 26:13 | Create | Villager (Male) |
| 27:14 | Create | Chu Ko Nu |
| 27:14 | Create | Chu Ko Nu |
| 27:15 | Create | Chu Ko Nu |
| 27:18 | Research | Hand Cart |
| 27:19 | Create | Villager (Male) |
| 27:19 | Create | Villager (Male) |
| 27:29 | Build | Farm |
| 27:29 | Build | Farm |
| 27:30 | Build | Farm |
| 27:30 | Build | Farm |
| 27:30 | Build | Farm |
| 27:31 | Build | Farm |
| 27:31 | Build | Farm |
| 27:33 | Build | Farm |
| 27:35 | Create | Villager (Male) |
| 27:35 | Create | Villager (Male) |
| 27:38 | Create | Chu Ko Nu |
| 27:38 | Create | Chu Ko Nu |
Build order — ulvn
First 150 of 589 actions detected
| 0:01 | Create | Villager (Male) |
| 0:01 | Create | Villager (Male) |
| 0:02 | Build | House |
| 0:03 | Build | House |
| 0:06 | Create | Villager (Male) |
| 0:06 | Create | Villager (Male) |
| 0:06 | Create | Villager (Male) |
| 1:23 | Create | Villager (Male) |
| 1:24 | Create | Villager (Male) |
| 2:00 | Create | Villager (Male) |
| 2:09 | Build | Lumber Camp |
| 2:11 | Create | Villager (Male) |
| 2:11 | Create | Villager (Male) |
| 2:25 | Create | Villager (Male) |
| 2:26 | Create | Villager (Male) |
| 2:55 | Create | Villager (Male) |
| 2:55 | Create | Villager (Male) |
| 3:31 | Build | House |
| 3:32 | Build | House |
| 3:33 | Build | House |
| 3:40 | Create | Villager (Male) |
| 3:40 | Create | Villager (Male) |
| 3:50 | Create | Villager (Male) |
| 3:50 | Create | Villager (Male) |
| 4:14 | Build | Mill |
| 4:25 | Create | Villager (Male) |
| 4:25 | Create | Villager (Male) |
| 4:54 | Create | Villager (Male) |
| 4:54 | Create | Villager (Male) |
| 5:10 | Create | Villager (Male) |
| 5:10 | Create | Villager (Male) |
| 5:21 | Create | Villager (Male) |
| 5:22 | Create | Villager (Male) |
| 6:04 | Create | Villager (Male) |
| 6:04 | Create | Villager (Male) |
| 6:04 | Create | Villager (Male) |
| 6:04 | Create | Villager (Male) |
| 6:18 | Build | Mill |
| 6:43 | Create | Villager (Male) |
| 6:43 | Create | Villager (Male) |
| 6:45 | Build | Mining Camp |
| 7:16 | Create | Villager (Male) |
| 7:16 | Create | Villager (Male) |
| 8:09 | Build | Farm |
| 8:11 | Build | Farm |
| 8:13 | Build | Farm |
| 8:24 | Research | Loom |
| 8:26 | Research | Feudal Age |
| 9:05 | Create | Villager (Male) |
| 10:11 | Create | Villager (Male) |
| 10:13 | Create | Villager (Male) |
| 10:34 | Build | House |
| 10:36 | Age | Feudal Age |
| 10:39 | Build | Market |
| 10:45 | Build | Blacksmith |
| 11:25 | Build | Farm |
| 11:30 | Research | Castle Age |
| 11:31 | Research | Castle Age |
| 12:34 | Create | Villager (Male) |
| 12:34 | Create | Villager (Male) |
| 12:37 | Research | Double-Bit Axe |
| 12:37 | Research | Double-Bit Axe |
| 13:31 | Research | Horse Collar |
| 13:31 | Research | Horse Collar |
| 13:57 | Build | House |
| 13:58 | Build | House |
| 14:31 | Age | Castle Age |
| 14:32 | Build | Town Center |
| 14:34 | Build | Town Center |
| 14:40 | Build | Farm |
| 14:49 | Create | Villager (Male) |
| 14:50 | Create | Villager (Male) |
| 14:57 | Build | Farm |
| 15:02 | Build | House |
| 15:03 | Build | House |
| 15:06 | Build | House |
| 15:07 | Build | Palisade Wall |
| 15:12 | Create | Villager (Male) |
| 15:26 | Create | Villager (Male) |
| 15:27 | Create | Villager (Male) |
| 15:32 | Build | Farm |
| 15:33 | Build | Farm |
| 15:43 | Create | Villager (Male) |
| 15:54 | Build | Farm |
| 15:59 | Build | Farm |
| 16:00 | Create | Villager (Male) |
| 16:00 | Create | Villager (Male) |
| 16:00 | Create | Villager (Male) |
| 16:00 | Create | Villager (Male) |
| 16:02 | Build | Farm |
| 16:04 | Build | Farm |
| 16:09 | Build | House |
| 16:15 | Build | Farm |
| 16:16 | Create | Villager (Male) |
| 16:20 | Research | Loom |
| 16:21 | Research | Loom |
| 16:23 | Research | Town Watch |
| 16:35 | Build | Farm |
| 16:45 | Create | Villager (Male) |
| 17:06 | Create | Villager (Male) |
| 17:06 | Create | Villager (Male) |
| 17:07 | Create | Villager (Male) |
| 17:12 | Build | Farm |
| 17:13 | Build | Farm |
| 17:15 | Build | Farm |
| 17:27 | Build | Outpost |
| 17:34 | Build | Outpost |
| 17:35 | Create | Villager (Male) |
| 17:36 | Create | Villager (Male) |
| 17:37 | Build | Farm |
| 17:38 | Build | Farm |
| 17:49 | Build | Outpost |
| 17:50 | Create | Villager (Male) |
| 17:50 | Create | Villager (Male) |
| 17:56 | Build | Farm |
| 18:00 | Build | Farm |
| 18:02 | Build | Farm |
| 18:03 | Create | Villager (Male) |
| 18:03 | Create | Villager (Male) |
| 18:23 | Create | Villager (Male) |
| 18:23 | Create | Villager (Male) |
| 18:23 | Create | Villager (Male) |
| 18:28 | Build | House |
| 18:28 | Build | House |
| 18:29 | Build | House |
| 18:30 | Build | House |
| 18:31 | Build | House |
| 18:36 | Create | Villager (Male) |
| 18:37 | Create | Villager (Male) |
| 18:38 | Build | Farm |
| 18:41 | Create | Villager (Male) |
| 18:45 | Build | Farm |
| 18:48 | Build | Farm |
| 18:55 | Create | Villager (Male) |
| 18:55 | Create | Villager (Male) |
| 19:08 | Create | Villager (Male) |
| 19:08 | Create | Villager (Male) |
| 19:08 | Create | Villager (Male) |
| 19:25 | Build | Farm |
| 19:25 | Create | Villager (Male) |
| 19:26 | Build | Farm |
| 19:27 | Create | Villager (Male) |
| 19:27 | Create | Villager (Male) |
| 19:32 | Create | Villager (Male) |
| 19:43 | Create | Villager (Male) |
| 19:43 | Create | Villager (Male) |
| 19:57 | Build | Farm |
| 20:11 | Create | Villager (Male) |
| 20:11 | Create | Villager (Male) |
| 20:11 | Create | Villager (Male) |
Build order — Kefko2112
First 150 of 225 actions detected
| 0:00 | Create | Villager (Male) |
| 0:00 | Create | Villager (Male) |
| 0:01 | Create | Villager (Male) |
| 0:01 | Create | Villager (Male) |
| 0:02 | Build | House |
| 0:04 | Build | House |
| 1:35 | Create | Villager (Male) |
| 1:36 | Create | Villager (Male) |
| 1:48 | Create | Villager (Male) |
| 1:54 | Build | Lumber Camp |
| 2:10 | Create | Villager (Male) |
| 2:42 | Create | Villager (Male) |
| 3:05 | Create | Villager (Male) |
| 3:28 | Create | Villager (Male) |
| 3:29 | Create | Villager (Male) |
| 3:51 | Build | House |
| 3:54 | Build | House |
| 4:13 | Create | Villager (Male) |
| 4:13 | Create | Villager (Male) |
| 4:26 | Build | Mill |
| 4:29 | Create | Villager (Male) |
| 4:48 | Create | Villager (Male) |
| 4:48 | Create | Villager (Male) |
| 5:20 | Create | Villager (Male) |
| 5:45 | Create | Villager (Male) |
| 5:45 | Create | Villager (Male) |
| 5:52 | Build | Farm |
| 5:57 | Build | Farm |
| 6:11 | Create | Villager (Male) |
| 6:43 | Build | Farm |
| 6:49 | Create | Villager (Male) |
| 7:06 | Create | Villager (Male) |
| 7:06 | Create | Villager (Male) |
| 7:20 | Build | Farm |
| 8:06 | Build | House |
| 8:29 | Create | Villager (Male) |
| 8:30 | Create | Villager (Male) |
| 8:30 | Create | Villager (Male) |
| 8:33 | Build | Mining Camp |
| 9:37 | Research | Feudal Age |
| 9:42 | Create | Villager (Male) |
| 9:43 | Research | Feudal Age |
| 10:27 | Create | Villager (Male) |
| 10:27 | Create | Villager (Male) |
| 11:40 | Build | House |
| 12:19 | Age | Feudal Age |
| 12:22 | Build | Market |
| 12:24 | Build | Blacksmith |
| 12:37 | Research | Double-Bit Axe |
| 12:37 | Research | Gold Mining |
| 12:39 | Research | Horse Collar |
| 13:10 | Build | House |
| 13:16 | Research | Castle Age |
| 14:12 | Create | Villager (Male) |
| 14:12 | Create | Villager (Male) |
| 14:50 | Build | Farm |
| 14:57 | Build | Farm |
| 15:47 | Build | House |
| 15:56 | Age | Castle Age |
| 16:00 | Build | University |
| 16:10 | Build | Siege Workshop |
| 16:55 | Research | Imperial Age |
| 17:21 | Build | Barracks |
| 17:37 | Build | Farm |
| 17:57 | Build | Farm |
| 18:15 | Create | Villager (Male) |
| 18:41 | Build | Archery Range |
| 18:44 | Build | Archery Range |
| 19:27 | Research | Padded Archer Armor |
| 19:28 | Research | Bow Saw |
| 19:51 | Build | House |
| 19:55 | Build | Farm |
| 20:05 | Age | Imperial Age |
| 20:09 | Research | Chemistry |
| 20:19 | Research | Wheelbarrow |
| 20:27 | Build | Farm |
| 20:30 | Build | House |
| 20:45 | Build | Farm |
| 20:54 | Build | Town Center |
| 21:23 | Create | Villager (Male) |
| 21:51 | Create | Bombard Cannon |
| 21:52 | Create | Bombard Cannon |
| 21:54 | Create | Hand Cannoneer ×4 |
| 21:56 | Create | Villager (Male) |
| 22:16 | Create | Villager (Male) |
| 22:18 | Create | Hand Cannoneer ×3 |
| 22:40 | Create | Villager (Male) |
| 22:59 | Create | Bombard Cannon |
| 23:04 | Build | Mining Camp |
| 23:09 | Create | Hand Cannoneer |
| 23:11 | Create | Villager (Male) |
| 23:23 | Build | Farm |
| 23:27 | Build | Farm |
| 23:29 | Build | Farm |
| 23:31 | Create | Villager (Male) ×2 |
| 24:09 | Create | Cavalry Archer ×3 |
| 24:10 | Create | Cavalry Archer ×3 |
| 24:16 | Create | Hand Cannoneer ×5 |
| 24:16 | Create | Hand Cannoneer ×5 |
| 24:30 | Create | Villager (Male) |
| 24:39 | Create | Villager (Male) |
| 24:39 | Create | Villager (Male) |
| 24:47 | Build | Farm |
| 24:49 | Create | Villager (Male) |
| 24:55 | Create | Hand Cannoneer |
| 24:55 | Create | Cavalry Archer ×2 |
| 25:12 | Create | Hand Cannoneer ×2 |
| 25:19 | Create | Bombard Cannon |
| 25:24 | Build | Farm |
| 25:26 | Build | Farm |
| 25:28 | Build | House |
| 25:47 | Create | Hand Cannoneer ×3 |
| 25:48 | Create | Villager (Male) ×3 |
| 26:03 | Create | Cavalry Archer |
| 26:03 | Create | Hand Cannoneer ×2 |
| 26:12 | Build | Archery Range |
| 26:15 | Create | Villager (Male) ×3 |
| 26:17 | Build | House |
| 26:54 | Create | Hand Cannoneer ×5 |
| 27:17 | Research | Leather Archer Armor |
| 27:20 | Build | Archery Range |
| 27:22 | Create | Villager (Male) |
| 27:23 | Create | Villager (Male) ×2 |
| 27:26 | Build | Farm |
| 27:29 | Build | Farm |
| 27:31 | Build | Farm |
| 27:49 | Create | Villager (Male) ×3 |
| 27:54 | Build | Farm |
| 28:00 | Create | Hand Cannoneer |
| 28:17 | Build | House |
| 28:26 | Build | Farm |
| 28:30 | Build | House |
| 28:31 | Build | House |
| 28:32 | Create | Hand Cannoneer ×5 |
| 28:40 | Build | House |
| 28:41 | Build | House |
| 28:42 | Build | House |
| 28:42 | Build | House |
| 28:46 | Create | Villager (Male) ×2 |
| 28:49 | Build | Farm |
| 28:52 | Build | Farm |
| 29:00 | Create | Bombard Cannon |
| 29:01 | Create | Bombard Cannon |
| 29:30 | Research | Ring Archer Armor |
| 30:03 | Create | Hand Cannoneer ×3 |
| 30:05 | Create | Villager (Male) ×5 |
| 30:43 | Create | Hand Cannoneer ×4 |
| 31:02 | Create | Villager (Male) ×5 |
| 31:06 | Build | Mining Camp |
| 31:11 | Create | Hand Cannoneer ×2 |
Build order — 酱香酒产业园
First 150 of 355 actions detected
| 0:06 | Create | Villager (Male) |
| 0:06 | Create | Villager (Male) |
| 0:06 | Create | Villager (Male) |
| 0:06 | Create | Villager (Male) |
| 0:07 | Create | Villager (Male) |
| 0:09 | Build | House |
| 0:11 | Build | House |
| 1:34 | Create | Villager (Male) |
| 1:35 | Create | Villager (Male) |
| 1:51 | Build | Lumber Camp |
| 1:57 | Create | Villager (Male) |
| 2:31 | Create | Villager (Male) |
| 2:32 | Create | Villager (Male) |
| 3:02 | Create | Villager (Male) |
| 3:02 | Create | Villager (Male) |
| 3:32 | Create | Villager (Male) |
| 3:32 | Create | Villager (Male) |
| 3:48 | Build | House |
| 3:51 | Build | House |
| 3:59 | Create | Villager (Male) |
| 3:59 | Create | Villager (Male) |
| 3:59 | Create | Villager (Male) |
| 4:52 | Create | Villager (Male) |
| 4:52 | Create | Villager (Male) |
| 5:03 | Create | Villager (Male) |
| 5:03 | Create | Villager (Male) |
| 5:21 | Build | Mill |
| 5:26 | Create | Villager (Male) |
| 5:27 | Create | Villager (Male) |
| 5:27 | Create | Villager (Male) |
| 6:55 | Create | Villager (Male) |
| 6:55 | Create | Villager (Male) |
| 6:55 | Create | Villager (Male) |
| 6:56 | Create | Villager (Male) |
| 7:31 | Build | Mining Camp |
| 7:38 | Build | Farm |
| 7:43 | Build | Farm |
| 8:24 | Build | Farm |
| 8:43 | Research | Feudal Age |
| 9:16 | Build | Farm |
| 10:09 | Build | House |
| 10:31 | Build | House |
| 10:46 | Create | Villager (Male) |
| 10:53 | Age | Feudal Age |
| 10:57 | Build | Blacksmith |
| 11:03 | Build | Market |
| 11:13 | Build | Farm |
| 11:24 | Research | Loom |
| 11:26 | Create | Villager (Male) |
| 11:56 | Build | Mill |
| 12:03 | Research | Loom |
| 12:37 | Research | Castle Age |
| 13:06 | Research | Double-Bit Axe |
| 13:07 | Research | Horse Collar |
| 15:17 | Age | Castle Age |
| 15:20 | Build | Town Center |
| 15:24 | Build | Town Center |
| 15:27 | Create | Villager (Male) |
| 15:28 | Create | Villager (Male) |
| 15:29 | Create | Villager (Male) |
| 15:35 | Build | Farm |
| 15:36 | Build | Farm |
| 15:45 | Research | Bow Saw |
| 15:47 | Research | Heavy Plow |
| 16:13 | Build | Farm |
| 16:20 | Build | Farm |
| 16:44 | Build | Monastery |
| 17:03 | Build | Mining Camp |
| 17:09 | Build | Mining Camp |
| 17:29 | Create | Monk |
| 17:40 | Create | Villager (Male) |
| 17:45 | Build | Farm |
| 17:46 | Build | Farm |
| 17:46 | Build | Farm |
| 17:49 | Create | Villager (Male) |
| 17:56 | Build | Farm |
| 17:59 | Create | Villager (Male) ×5 |
| 18:12 | Create | Monk |
| 19:02 | Create | Villager (Male) |
| 19:02 | Create | Villager (Male) |
| 19:04 | Create | Villager (Male) ×5 |
| 19:31 | Create | Villager (Male) |
| 19:31 | Create | Villager (Male) |
| 19:31 | Create | Villager (Male) |
| 19:31 | Create | Villager (Male) |
| 19:32 | Create | Villager (Male) |
| 19:32 | Create | Villager (Male) |
| 19:32 | Create | Villager (Male) |
| 19:32 | Create | Villager (Male) |
| 19:49 | Create | Villager (Male) |
| 19:49 | Create | Villager (Male) |
| 19:53 | Build | Farm |
| 19:53 | Build | Farm |
| 19:55 | Build | Farm |
| 19:57 | Build | House |
| 20:16 | Create | Villager (Male) |
| 20:16 | Create | Villager (Male) |
| 20:17 | Create | Villager (Male) |
| 20:21 | Build | House |
| 20:22 | Build | House |
| 20:33 | Build | Town Center |
| 20:37 | Build | Barracks |
| 20:41 | Create | Villager (Male) |
| 20:42 | Create | Villager (Male) |
| 20:42 | Create | Villager (Male) |
| 20:54 | Build | House |
| 20:55 | Build | House |
| 21:08 | Build | Town Center |
| 21:13 | Create | Villager (Male) |
| 21:14 | Create | Villager (Male) |
| 21:14 | Create | Villager (Male) |
| 21:14 | Create | Villager (Male) |
| 21:20 | Research | Wheelbarrow |
| 21:24 | Build | Farm |
| 21:25 | Build | Farm |
| 21:26 | Build | Farm |
| 21:29 | Build | Farm |
| 21:34 | Create | Monk |
| 21:37 | Create | Spearman |
| 21:40 | Create | Spearman |
| 21:42 | Create | Villager (Male) |
| 21:42 | Create | Villager (Male) |
| 21:43 | Create | Villager (Male) |
| 21:52 | Build | Lumber Camp |
| 22:11 | Create | Villager (Male) ×3 |
| 22:17 | Build | Farm |
| 22:19 | Build | Farm |
| 22:20 | Build | Farm |
| 22:21 | Build | Farm |
| 22:22 | Build | Farm |
| 22:24 | Build | Farm |
| 22:30 | Create | Villager (Male) |
| 22:30 | Create | Villager (Male) |
| 22:31 | Create | Villager (Male) |
| 22:42 | Research | Gold Mining |
| 22:44 | Create | Monk |
| 23:31 | Create | Villager (Male) |
| 23:31 | Create | Villager (Male) |
| 23:31 | Create | Villager (Male) |
| 23:31 | Create | Villager (Male) |
| 23:31 | Create | Villager (Male) |
| 23:32 | Create | Villager (Male) |
| 23:32 | Create | Villager (Male) |
| 23:32 | Create | Villager (Male) |
| 23:32 | Create | Villager (Male) |
| 23:50 | Create | Villager (Male) |
| 23:50 | Create | Villager (Male) |
| 23:51 | Create | Villager (Male) |
| 23:51 | Create | Villager (Male) |
| 23:51 | Create | Villager (Male) |
Build order — Bobifart
First 150 of 512 actions detected
| 0:01 | Create | Villager (Male) |
| 0:01 | Create | Villager (Male) |
| 0:02 | Create | Villager (Male) |
| 0:02 | Create | Villager (Male) |
| 0:04 | Build | House |
| 0:07 | Build | House |
| 1:27 | Create | Villager (Male) |
| 1:27 | Create | Villager (Male) |
| 1:50 | Build | Lumber Camp |
| 2:07 | Create | Villager (Male) |
| 2:07 | Create | Villager (Male) |
| 2:15 | Create | Villager (Male) |
| 2:15 | Create | Villager (Male) |
| 2:48 | Create | Villager (Male) |
| 2:48 | Create | Villager (Male) |
| 2:48 | Create | Villager (Male) |
| 3:06 | Create | Villager (Male) |
| 3:06 | Create | Villager (Male) |
| 3:09 | Build | House |
| 3:11 | Build | House |
| 3:20 | Build | House |
| 3:35 | Create | Villager (Male) |
| 3:35 | Create | Villager (Male) |
| 3:48 | Create | Villager (Male) |
| 3:48 | Create | Villager (Male) |
| 4:26 | Create | Villager (Male) |
| 4:26 | Create | Villager (Male) |
| 4:45 | Create | Villager (Male) |
| 4:45 | Create | Villager (Male) |
| 4:45 | Create | Villager (Male) |
| 4:57 | Build | Mill |
| 5:39 | Create | Villager (Male) |
| 5:39 | Create | Villager (Male) |
| 5:56 | Build | Mill |
| 6:00 | Create | Villager (Male) |
| 6:01 | Create | Villager (Male) |
| 6:12 | Create | Villager (Male) |
| 6:12 | Create | Villager (Male) |
| 7:03 | Build | Farm |
| 7:32 | Build | Farm |
| 7:51 | Create | Villager (Male) |
| 8:06 | Create | Villager (Male) |
| 8:31 | Build | Mining Camp |
| 8:34 | Create | Villager (Male) |
| 8:34 | Create | Villager (Male) |
| 9:19 | Build | Mining Camp |
| 9:30 | Create | Villager (Male) |
| 9:37 | Research | Feudal Age |
| 10:01 | Build | Farm |
| 10:05 | Build | Farm |
| 12:12 | Age | Feudal Age |
| 12:13 | Research | Castle Age |
| 12:13 | Research | Castle Age |
| 12:13 | Research | Castle Age |
| 12:13 | Research | Castle Age |
| 12:31 | Research | Double-Bit Axe |
| 12:35 | Research | Horse Collar |
| 13:37 | Build | House |
| 13:39 | Build | House |
| 14:31 | Create | Villager (Male) |
| 14:32 | Create | Villager (Male) |
| 14:53 | Age | Castle Age |
| 14:57 | Build | Town Center |
| 15:01 | Build | Town Center |
| 15:10 | Build | Town Center |
| 15:19 | Create | Villager (Male) |
| 15:53 | Build | Farm |
| 16:00 | Research | Bow Saw |
| 16:02 | Create | Villager (Male) |
| 16:07 | Build | Farm |
| 16:11 | Build | Farm |
| 16:16 | Build | Farm |
| 16:18 | Create | Villager (Male) |
| 16:21 | Create | Villager (Male) |
| 16:21 | Create | Villager (Male) |
| 16:22 | Create | Villager (Male) |
| 16:23 | Create | Villager (Male) |
| 16:27 | Build | Farm |
| 16:32 | Create | Villager (Male) |
| 16:32 | Create | Villager (Male) |
| 16:37 | Build | Farm |
| 16:40 | Create | Villager (Male) |
| 16:41 | Create | Villager (Male) |
| 16:41 | Create | Villager (Male) |
| 16:51 | Build | Farm |
| 16:58 | Build | Farm |
| 16:59 | Create | Villager (Male) |
| 17:04 | Build | Farm |
| 17:08 | Build | Farm |
| 17:15 | Create | Villager (Male) |
| 17:16 | Create | Villager (Male) |
| 17:20 | Build | Farm |
| 17:26 | Build | Farm |
| 17:27 | Create | Villager (Male) |
| 17:34 | Build | Farm |
| 17:38 | Build | Farm |
| 17:38 | Create | Villager (Male) |
| 17:44 | Build | Farm |
| 17:52 | Build | Farm |
| 17:52 | Create | Villager (Male) |
| 17:52 | Create | Villager (Male) |
| 18:09 | Create | Villager (Male) |
| 18:09 | Create | Villager (Male) |
| 18:09 | Create | Villager (Male) |
| 18:15 | Build | Farm |
| 18:18 | Build | Farm |
| 18:18 | Create | Villager (Male) |
| 18:18 | Create | Villager (Male) |
| 18:21 | Build | Farm |
| 18:22 | Create | Villager (Male) |
| 18:22 | Create | Villager (Male) |
| 18:24 | Build | Farm |
| 18:26 | Build | Farm |
| 18:29 | Create | Villager (Male) |
| 18:30 | Create | Villager (Male) |
| 18:34 | Build | Farm |
| 18:36 | Create | Villager (Male) |
| 18:37 | Create | Villager (Male) |
| 18:44 | Create | Villager (Male) |
| 18:49 | Build | House |
| 18:50 | Build | House |
| 18:51 | Build | House |
| 18:54 | Create | Villager (Male) |
| 18:54 | Create | Villager (Male) |
| 18:56 | Create | Villager (Male) |
| 18:57 | Create | Villager (Male) |
| 19:00 | Build | Farm |
| 19:04 | Create | Villager (Male) |
| 19:04 | Create | Villager (Male) |
| 19:04 | Create | Villager (Male) |
| 19:11 | Create | Villager (Male) |
| 19:11 | Create | Villager (Male) |
| 19:11 | Create | Villager (Male) |
| 19:22 | Create | Villager (Male) |
| 19:22 | Create | Villager (Male) |
| 19:23 | Create | Villager (Male) |
| 19:26 | Build | House |
| 19:27 | Build | House |
| 19:31 | Build | Farm |
| 19:31 | Create | Villager (Male) |
| 19:31 | Create | Villager (Male) |
| 19:31 | Create | Villager (Male) |
| 19:34 | Build | Farm |
| 19:37 | Build | Farm |
| 19:38 | Create | Villager (Male) |
| 19:38 | Create | Villager (Male) |
| 19:40 | Build | Farm |
| 19:43 | Build | Farm |
| 19:43 | Create | Villager (Male) |
| 19:44 | Create | Villager (Male) |
Match timeline
| 10:36 | ulvn · age_up feudal |
| 10:53 | 酱香酒产业园 · age_up feudal |
| 11:35 | Mr P · age_up feudal |
| 11:48 | DanielP1lot · age_up feudal |
| 12:12 | Bobifart · age_up feudal |
| 12:19 | Kefko2112 · age_up feudal |
| 14:31 | ulvn · age_up castle |
| 14:53 | Bobifart · age_up castle |
| 15:07 | ulvn · wall_segment Palisade Wall x1 |
| 15:17 | 酱香酒产业园 · age_up castle |
| 15:35 | Mr P · age_up castle |
| 15:43 | DanielP1lot · age_up castle |
| 15:54 | Mr P · first_building Castle |
| 15:56 | Kefko2112 · age_up castle |
| 16:10 | Kefko2112 · first_building Siege Workshop |
| 16:34 | DanielP1lot · first_market_buy 100 wood |
| 16:44 | 酱香酒产业园 · first_building Monastery |
| 16:54 | Kefko2112 · first_market_buy 100 food |
| 17:21 | Kefko2112 · first_building Barracks |
| 18:13 | Mr P · first_market_buy 100 wood |
| 18:41 | Kefko2112 · first_building Archery Range |
| 20:05 | Kefko2112 · age_up imperial |
| 20:15 | Mr P · first_building Barracks |
| 20:15 | DanielP1lot · first_building Castle |
| 20:16 | ulvn · first_building Monastery |
| 20:37 | 酱香酒产业园 · first_building Barracks |
| 21:21 | Mr P · first_building Archery Range |
| 21:35 | Mr P · first_market_sell 100 food |
| 22:27 | DanielP1lot · first_building Barracks |
| 22:57 | Kefko2112 · first_market_sell 100 wood |
| 23:33 | DanielP1lot · first_building Stable |
| 24:02 | DanielP1lot · first_market_sell 100 stone |
| 24:58 | DanielP1lot · first_building Siege Workshop |
| 25:23 | ulvn · first_building Castle |
| 25:32 | Bobifart · first_building Stable |
| 25:52 | ulvn · first_market_sell 100 wood |
| 25:53 | ulvn · first_market_buy 100 food |
| 26:16 | ulvn · first_building Barracks |
| 27:07 | ulvn · first_building Archery Range |
| 27:31 | Bobifart · first_building Castle |
| 27:47 | Bobifart · age_up imperial |
| 28:46 | 酱香酒产业园 · first_building Siege Workshop |
| 29:30 | 酱香酒产业园 · first_building Castle |
| 29:42 | Mr P · first_building Siege Workshop |
| 29:46 | ulvn · first_building Siege Workshop |
| 29:46 | ulvn · age_up imperial |
| 31:30 | 酱香酒产业园 · first_building Stable |
| 31:34 | ulvn · first_building Stable |
| 31:48 | DanielP1lot · age_up imperial |
| 33:12 | 酱香酒产业园 · age_up imperial |
| 34:30 | Mr P · age_up imperial |
| 35:46 | DanielP1lot · first_building Archery Range |
| 38:33 | Kefko2112 · first_building Castle |
| 41:19 | Mr P · resign |
[ AI ANALYSIS · 1 CREDIT ]
What really happened in this match?
Wolo.gg analyzes every decision: build order, eco, micro, common mistakes by bracket. Personalized analysis on WhatsApp or Discord in 30 seconds.
Civ guide
Saracens
Perfil
DanielP1lot